 Dungeon Sprint DCSS version 0.20-a0-1122-gb7cbeb9 (webtiles) character file.

53 Dipster the Cudgeler (level 3, -4/43 HPs)
             Began as a Demonspawn Fighter on May 11, 2017.
             Drowned by a water elemental (5 damage)
             ... in the Dungeon (Sprint III: "The Ten Rune Challenge").
             The game lasted 00:01:26 (649 turns).

Dipster the Cudgeler (Demonspawn Fighter)            Turns: 649, Time: 00:01:26

Health: -4/43      AC:  9    Str: 22    XL:     3   Next: 62%
Magic:  3/3        EV:  9    Int:  9    God:
Gold:   16         SH:  0    Dex: 12    Spells: 2/2 levels left

rFire    . . .     SeeInvis .   a - +0 flail
rCold    . . .     Gourm    .   (no shield)
rNeg     . . .     Faith    .   b - +0 scale mail
rPois    .         Spirit   .   (helmet restricted)
rElec    .         Reflect  .   o - +0 cloak (curse)
rCorr    .         Harm     .   (no gloves)
MR       +....     NoTele   +   (no boots)
Stlth    ..........             (no amulet)
Regen    0.2/turn               n - ring of protection from magic
MPRegen  0.1/turn               (no ring)

@: berserking, engulfed (cannot breathe), very quick
A: horns 1, molten scales 1
a: no special abilities


You were in the Dungeon.
You were not hungry.

You visited 1 branch You collected 16 gold pieces.

Inventory:

Hand Weapons
 a - a +0 flail (weapon)
 l - a +2 quarterstaff of chaos
Armour
 b - a +0 scale mail (worn)
 c - a +0 shield
 o - a cursed +0 cloak (worn)
Jewellery
 n - a ring of protection from magic (left hand)
Wands
 g - a wand of flame (29/48)
Scrolls
 k - a scroll of blinking
 m - a scroll of fog {unknown}
 q - 3 scrolls of torment {unknown}
 r - 2 scrolls of identify
 s - 2 scrolls of remove curse {unknown}
 v - a scroll of holy word {unknown}
 w - a scroll of amnesia {unknown}
Potions
 d - a potion of might
 e - a potion of curing
 h - a potion of haste
 i - 2 potions of magic
 p - 5 potions of mutation
 u - 3 potions of flight
Comestibles
 f - a bread ration
 t - 2 fruits
 x - a meat ration


   Skills:
 - Level 3.0 Fighting
 * Level 6.8 Maces & Flails
 - Level 2.6 Armour
 - Level 2.6 Shields


You had 2 spell levels left.
You didn't know any spells.

Dungeon Overview and Level Annotations

Branches:
Dungeon (1/1)

Altars:


Innate Abilities, Weirdness & Mutations

You have a pair of small horns on your head.
You are partially covered in molten scales. (AC +2)


Message History

Your lungs strain for air!
The water elemental hits you!
* * * LOW HITPOINT WARNING * * *
Okay, then.
What are your orders? t - Shout!
Orders for allies: a - Attack new target. r - Retreat! s - Stop attacking. g - Guard the area. f - Follow me.
Anything else - Cancel.
Okay, then.
You cannot read scrolls while unable to breathe!
A red film seems to cover your vision as you go berserk!
You feel yourself moving faster!
You feel mighty!
* * * LOW HITPOINT WARNING * * *
Your lungs strain for air!
The water elemental hits you.
You thump the water elemental!
The water elemental is severely damaged.
You die...

▓▓▓▓▓▓▓▓▓▓▓▓ ▓▓▓
<.#..'.....♣♣ ♣.#
..#..#......♣ ♣♣.#
#'####......♣ ♣..#
..÷..#....≈.♣♣♣♣.# #+#+#
.....#...≈≈♣.♣...#......
.....#..≈≈≈≈♣♣.♣@E.⌠....
####'#..≈≈≈≈≈≈.♣.#...###
.....#.≈≈≈≈≈≈....# ⌠.#
.....#.≈≈≈≈≈.....# .#
.....#.≈≈≈.......# #
'#####...........#
.................#
▓▓▓▓▓▓▓▓▓▓▓▓▓▓▓▓▓▓


You could see a water elemental.

Vanquished Creatures
  Crazy Yiuf (D)
  A human (D)
  An ooze (D)
  3 rats (D)
6 creatures vanquished.

Vanquished Creatures (others)
  2 draconian scorchers (D)
  6 hellions (D)
  A yaktaur (D)
9 creatures vanquished.

Grand Total: 15 creatures vanquished

Notes
Turn   | Place    | Note
-------+----------+-------------------------------------------
     0 | D        | Dipster the Demonspawn Fighter began the quest for the Orb.
     0 | D        | Reached XP level 1. HP: 18/18 MP: 1/1
    11 | D        | Reached skill level 3 in Maces & Flails
    38 | D        | Killed a yaktaur
   101 | D        | Killed a hellion
   101 | D        | Killed a hellion
   102 | D        | Killed a hellion
   111 | D        | Killed a hellion
   111 | D        | Killed a hellion
   111 | D        | Killed a hellion
   156 | D        | Reached skill level 5 in Maces & Flails
   156 | D        | Gained mutation: You have a pair of small horns on your head. [demonic ancestry]
   156 | D        | Reached XP level 2. HP: 15/24 MP: 2/2
   256 | D        | Killed a white draconian scorcher
   267 | D        | Noticed Crazy Yiuf
   289 | D        | Killed Crazy Yiuf
   289 | D        | Reached skill level 6 in Maces & Flails
   289 | D        | Gained mutation: You are partially covered in molten scales. (AC +2) [demonic ancestry]
   289 | D        | Reached XP level 3. HP: 3/29 MP: 3/3
   305 | D        | Killed a white draconian scorcher
   642 | D        | Noticed a water elemental
   648 | D        | HP: 1/43 [drowned by a water elemental (6)]
   649 | D        | Drowned by a water elemental

Vault maps used:
D:        dungeon_sprint_mu

Skill      XL: |  1  2 |
---------------+-------+-----
Maces & Flails | 5 6 |  6.8
Fighting       | |  3.0
Armour         | |  2.6
Shields        | |  2.6

Action                   || total
-------------------------++-------
Melee: Flail             ||    34
       Headbutt          ||     2
  Use: Potion            ||     2
Armor: Scale mail        ||     5
Dodge: Dodged            ||    19
